 Dungeon Crawl Stone Soup version 0.26.1-11-gd32895ea62 (webtiles) character file.

Game seed: 10029611411799609527

830 MrSixtyFour the Grave Robber (level 7, 0/52 HPs)
             Began as a Ghoul Necromancer on June 29, 2021.
             Was a Follower of Sif Muna.
             Slain by an ogre
             ... wielding a +0 giant club
              (29 damage)
             ... on level 6 of the Dungeon.
             The game lasted 00:27:22 (6577 turns).

MrSixtyFour the Grave Robber (Ghoul Necromancer)    Turns: 6577, Time: 00:27:25

Health: 0/52       AC:  3    Str: 12    XL:     7   Next: 97%
Magic:  12/13      EV: 12    Int: 12    God:    Sif Muna [*.....]
Gold:   303        SH:  0    Dex:  9    Spells: 10/15 levels left

rFire    . . .     SeeInvis .   j - +2 dagger (venom)
rCold    + . .     Faith    .   (no shield)
rNeg     + + +     Spirit   .   a - +1 robe
rPois    ∞         Reflect  .   (no helmet)
rElec    .         Harm     .   (no cloak)
rCorr    .         Rampage  .   (no gloves)
Will     .....                  (no boots)
Stlth    ++........             (no amulet)
HPRegen  0.00/turn              (no ring)
MPRegen  0.13/turn              (no ring)

@: no status effects
A: claws 1, cold resistance 1, negative energy resistance 3, inhibited
regeneration, torment resistance, unbreathing
a: Renounce Religion, Channel Magic


You were on level 6 of the Dungeon.
You worshipped Sif Muna.
Sif Muna was aware of your devotion.
You visited 1 branch of the dungeon, and saw 6 of its levels.

You collected 303 gold pieces.

Inventory:

Hand Weapons
 d - a +0 hand axe
 j - a +2 dagger of venom (weapon)
Armour
 a - a +1 robe (worn)
 c - a +0 scale mail
Jewellery
 b - an uncursed ring of ice {unknown}
 i - an uncursed ring of fire {unknown}
Scrolls
 f - a scroll of teleportation
 g - a scroll of amnesia
 h - a scroll of fear {unknown}
 m - 5 scrolls of remove curse
 o - 2 scrolls of fog
Potions
 e - a potion of heal wounds {unknown}
 k - a potion of cancellation {unknown}


   Skills:
 + Level 1.4 Fighting
 + Level 1.8 Short Blades
 + Level 2.4 Dodging
 + Level 2.8 Stealth
 + Level 1.1 Unarmed Combat
 + Level 4.9 Spellcasting
 + Level 6.6 Necromancy


You had 10 spell levels left.
You knew the following spells:

 Your Spells              Type           Power        Failure   Level
a - Pain                  Necr           72%          1%          1
b - Animate Skeleton      Necr           36%          1%          1
c - Vampiric Draining     Necr           9%           4%          3

Your spell library contained the following spells:

 Spells                   Type           Power        Failure   Level
 Animate Dead             Necr           9%           13%         4
 Agony                    Necr           18%          36%         5


Dungeon Overview and Level Annotations

Branches:
Dungeon (7/15)             Temple (0/1) D:5

Altars:
Ashenzari
Dithmenos
Fedhas
Hepliaklqana
Okawaru
Ru
Sif Muna

Annotations:
D:5 2 transporters, oc3rt's ghost, novice KoHu


Innate Abilities, Weirdness & Mutations

You thrive by killing the living.
You are immune to poison.
You have sharp fingernails.
Your flesh is cold resistant. (rC+)
You are immune to negative energy. (rN+++)
You do not regenerate when monsters are visible.
You are immune to unholy pain and torment.
You can survive without breathing.


Message History

The bullfrog gives a loud, deep croak!
The ogre closely misses you.
There is a stone staircase leading up here.
Magic restored.
The kobold throws a stone.
The stone hits you but does no damage. The ogre closely misses you.
You climb upwards.
There is a stone staircase leading down here.
You barely miss the ogre.
The ogre is lightly wounded.
The ogre barely misses you.
You barely miss the ogre.
The ogre is lightly wounded.
The ogre hits you with a +0 giant club!!
Aiming: Pain (safe; 1% risk of failure)
Press: ? - help, Q - select action, (/) - cycle Shift-Dir - straight line, f - ogre
Aim: an ogre, wielding a +0 giant club (lightly wounded, chance to affect: 78%)
The ogre writhes in agony.
The ogre hits you with a +0 giant club!!
Ouch! That really hurt!
You die...

...##.......#...##...# #.#...#
##!......##.......#..# #......
####.#..............# ####.##
#....##.##)....#.# #.....#
#.#..............######.##..#
#.##.##.####...####.........# #
#.......# #...####.###.#...# #
####.#######...>....###.#...#
########.#......@O.......##.....#
.........................##.#....
.##.#..#.#..<............##....##
.##......#######...####.######.#
.##.#..### #..........# #.#
.......# #.#....##### #.#
......## #.#....# #.# ....#.#
#.#....###### #.# .##.#.##
#.#.........#####.##


You could see an ogre.

Vanquished Creatures
  A wyvern (D:5)
  An ice beast (D:5)
  A bullfrog (D:6)
  A scorpion (D:6)
  A wyvern skeleton (D:6)
  A howler monkey (D:5)
  A jelly (D:6)
  A hound (D:5)
  2 orc wizards (D:5)
  An orc priest (D:5)
  A bullfrog skeleton (D:6)
  Terence (D:2)
  3 iguanas
  A worker ant (D:5)
  2 adders
  An ooze (D:2)
  An adder zombie (D:5)
  An adder skeleton (D:5)
  3 worms
  2 dart slugs (D:1)
  4 leopard geckos
  An orc (D:5)
  3 giant cockroaches
  10 goblins
  2 hobgoblins
  A quokka (D:5)
  4 ball pythons
  5 bats
  5 frilled lizards
  6 kobolds
  A quokka skeleton (D:5)
  13 rats
82 creatures vanquished.

Vanquished Creatures (collateral kills)
  A giant cockroach (D:2)
1 creature vanquished.

Vanquished Creatures (others)
  2 plants (D:5)
2 creatures vanquished.

Grand Total: 85 creatures vanquished

Notes
Turn   | Place    | Note
-------+----------+-------------------------------------------
     0 | D:1      | MrSixtyFour the Ghoul Necromancer began the quest for the
                  | Orb.
     0 | D:1      | Reached XP level 1. HP: 14/14 MP: 2/2
   304 | D:1      | Reached XP level 2. HP: 17/20 MP: 0/4
   696 | D:1      | Learned a level 1 spell: Animate Skeleton
  1435 | D:1      | Reached XP level 3. HP: 22/26 MP: 2/5
  1589 | D:1      | Reached skill level 1 in Unarmed Combat
  2026 | D:2      | Found a sacrificial altar of Ru.
  2122 | D:2      | Found a shimmering blue altar of Sif Muna.
  2124 | D:2      | Found an iron altar of Okawaru.
  2124 | D:2      | Found a broken altar of Ashenzari.
  2227 | D:2      | Became a worshipper of Sif Muna the Loreminder
  2312 | D:2      | Noticed Terence
  2330 | D:2      | Killed Terence
  2331 | D:2      | Reached XP level 4. HP: 19/34 MP: 1/6
  3153 | D:3      | You fall into a shaft and drop 3 floors!
  3154 | D:6      | Noticed an ice beast
  3159 | D:5      | Entered Level 5 of the Dungeon
  3172 | D:5      | Killed an ice beast
  3173 | D:5      | Reached skill level 5 in Necromancy
  3173 | D:5      | Reached XP level 5. HP: 17/39 MP: 3/8
  3380 | D:5      | Noticed a phantom
  3382 | D:5      | Found a transporter.
  3383 | D:5      | Noticed oc3rt's ghost (novice KoHu)
  3389 | D:5      | Found the +2 cloak of the Thief {*Fog Slay-2 SInv Stlth+}
  3426 | D:5      | Reached XP level 6. HP: 37/46 MP: 6/10
  3713 | D:5      | Learned a level 3 spell: Vampiric Draining
  3759 | D:5      | Noticed a wyvern
  3760 | D:5      | Found a staircase to the Ecumenical Temple.
  3771 | D:5      | Killed a wyvern
  3772 | D:5      | Reached skill level 6 in Necromancy
  3772 | D:5      | Reached XP level 7. HP: 24/51 MP: 2/12
  4001 | D:5      | Found a transporter.
  4080 | D:5      | Found a shadowy altar of Dithmenos.
  4120 | D:5      | Reached * piety under Sif Muna
  4302 | D:5      | Reached skill level 1 in Fighting
  4302 | D:5      | Reached skill level 1 in Short Blades
  6397 | D:6      | Found a hazy altar of Hepliaklqana.
  6397 | D:6      | Found a blossoming altar of Fedhas.
  6422 | D:7      | Noticed a meliai
  6577 | D:6      | Slain by an ogre

Illustrated notes

Levels and vault maps discovered:
D:1:      dpeg_arrival_radiant, layout_loops_corners, serial_rivers,
          chequers_serial_rivers_micro_b, chequers_serial_rivers_micro_d,
          chequers_serial_rivers_micro_c, chequers_serial_rivers_small_3,
          chequers_serial_rivers_micro_d, chequers_serial_rivers_small_3
D:2:      layout_basic, hangedman_ru_absence,
          chequers_temple_overflow_statue_of_worship, uniq_terence
D:3:      layout_loops_ring
D:5:      layout_loops_ring, marbit_many_paths,
          minmay_temple_entry_gardened_gates, gammafunk_ghost_arena
D:6:      layout_loops_cross, gammafunk_temple_overflow_wave
D:7:      gammafunk_the_bubble [the_bubble_gammafunk_split], layout_cave_pools,
          nicolae_qazlal_general_emergency

Skill      XL: |  1  2  3  4  5  6  7 |
---------------+----------------------+-----
Spellcasting   | 2 3 4 |  4.9
Unarmed Combat | 1 |  1.1
Dodging        | 2 |  2.4
Necromancy     | 5 6 |  6.6
Fighting       | 1 |  1.4
Short Blades   | 1 |  1.8
Stealth        | |  2.8

Action                   |  1- 3 |  4- 6 |  7- 9 || total
-------------------------+-------+-------+-------++-------
Melee: Unarmed           |    32 |       |       ||    32
       Dagger            |    23 |    45 |    67 ||   135
 Cast: Pain              |    63 |    36 |    30 ||   129
       Animate Skeleton  |     6 |     2 |     4 ||    12
       Vampiric Draining |       |     1 |     2 ||     3
  Use: Scroll            |       |    10 |       ||    10
       Potion            |       |     6 |       ||     6
 Stab: Sleeping          |     1 |       |       ||     1
Armor: Robe              |    13 |     8 |    11 ||    32
Dodge: Dodged            |    36 |    40 |    49 ||   125
